 Dungeon Crawl Stone Soup version 0.20-a0-792-g09bcfd3 (webtiles) character file.

262 winWinterter the Firebug (level 5, -1/28 HPs)
             Began as a Deep Elf Fire Elementalist on Feb 23, 2017.
             Was an Initiate of Vehumet.
             Slain by an orc
             ... wielding a +0 flail
              (10 damage)
             ... on level 4 of the Dungeon on Feb 28, 2017.
             The game lasted 00:19:26 (3827 turns).

winWinterter the Firebug (DEFE)                     Turns: 3827, Time: 00:19:26

Health: -1/28      AC:  2    Str:  5    XL:     5   Next: 97%
Magic:  13/13      EV: 14    Int: 21    God:    Vehumet [......]
Gold:   199        SH:  0    Dex: 15    Spells: 4/13 levels left

rFire    . . .     SeeInvis .   g - +0 short sword
rCold    . . .     Gourm    .   a - +0 robe
rNeg     . . .     Faith    .   (no shield)
rPois    .         Spirit   .   (no helmet)
rElec    .         Reflect  .   (no cloak)
rCorr    .         Harm     .   (no gloves)
MR       .....                  (no boots)
Stlth    ++........             (no amulet)
Regen    0.1/turn               (no ring)
MPRegen  0.2/turn               (no ring)

@: no status effects
A: no striking features
a: Renounce Religion


You were on level 4 of the Dungeon.
You worshipped Vehumet.
Vehumet was noncommittal.
You were not hungry.

You visited 1 branch of the dungeon, and saw 4 of its levels.

You collected 199 gold pieces.

Inventory:

Hand Weapons
 g - a +0 short sword (weapon)
Armour
 a - a +0 robe (worn)
Jewellery
 i - an uncursed ring of protection from magic {unknown}
 n - a cursed ring of loudness {unknown}
Scrolls
 e - a scroll of identify
 f - a scroll of fear
 l - 2 scrolls of remove curse {unknown}
 m - a scroll of noise {unknown}
 o - 2 scrolls of teleportation {unknown}
Potions
 h - 2 potions of ambrosia {unknown}
 j - 2 potions of curing {unknown}
 k - a potion of invisibility {unknown}
Books
 b - a book of Flames

   Spells                             Type                      Level
   a - Flame Tongue                   Conjuration/Fire             1
   b - Throw Flame                    Conjuration/Fire             2
   c - Conjure Flame                  Conjuration/Fire             3
   d - Inner Flame                    Hexes/Fire                   3
   e - Sticky Flame                   Conjuration/Fire             4
   f - Fireball                       Conjuration/Fire             5
 q - a book of Misfortune

   Spells                             Type                      Level
   a - Confusing Touch                Hexes                        1
   b - Confuse                        Hexes                        3
   c - Gell's Gravitas                Translocation                3
   d - Petrify                        Transmutation/Earth          4
   e - Metabolic Englaciation         Hexes/Ice                    5
   f - Yara's Violent Unravelling     Hexes/Transmutation          5
Comestibles
 c - 4 bread rations
 d - 2 meat rations
 p - 2 fruits


   Skills:
 + Level 0.4 Fighting
 + Level 0.6 Short Blades
 + Level 3.4 Dodging
 + Level 3.5 Stealth
 + Level 4.6 Spellcasting
 + Level 2.9 Conjurations
 + Level 4.9 Fire Magic


You had 4 spell levels left.
You knew the following spells:

 Your Spells              Type           Power        Failure   Level  Hunger
a - Flame Tongue          Conj/Fire      ###..        1%          1    None
b - Throw Flame           Conj/Fire      ###...       3%          2    #......
c - Conjure Flame         Conj/Fire      ###.....     10%         3    ##.....
d - Inner Flame           Hex/Fire       ###.....     14%         3    ##.....


Dungeon Overview and Level Annotations

Branches:
Dungeon (4/15)
 Temple: D:4-7

Altars:
Sif Muna
Vehumet
Zin
The Shining One


Message History

Vehumet says: Let it end in hellfire!
Press ? for a list of commands and other information.
You climb downwards.
The orc hits you with a flail! The orc barely misses you.
There is a stone staircase leading up here.
The orc hits you with a flail. The orc misses you.
The orc hits you but does no damage. The orc barely misses you.
The orc barely misses you. The orc completely misses you.
The orc hits you with a flail! The orc barely misses you.
The orc hits you but does no damage. The orc barely misses you.
The orc hits you but does no damage. The orc misses you.
The orc hits you with a flail. The orc hits you with a flail.
The orc hits you with a flail!
You die...

# ####.#.#.#
#.#######..[......
#.....o@<)##......
#########.# #....
#.# .#. #.# #.#
#.# #.# #.#


You could see an orc.

Vanquished Creatures
  2 orc wizards (D:4)
  Jessica (D:2)
  Ijyb (D:3)
  7 adders
  2 oozes
  2 worms
  4 leopard geckos
  An orc (D:4)
  10 bats
  5 giant cockroaches
  7 goblins
  13 hobgoblins
  2 jackals (D:3)
  8 kobolds
  6 frilled lizards
  5 rats
76 creatures vanquished.

Notes
Turn   | Place    | Note
-------+----------+-------------------------------------------
     0 | D:1      | winWinterter the Deep Elf Fire Elementalist began the quest for the Orb.
     0 | D:1      | Reached XP level 1. HP: 10/10 MP: 6/6
   401 | D:1      | Reached XP level 2. HP: 15/15 MP: 6/8
  1066 | D:2      | Noticed Jessica
  1070 | D:2      | Killed Jessica
  1070 | D:2      | Reached XP level 3. HP: 19/19 MP: 4/9
  1077 | D:2      | Learned a level 2 spell: Throw Flame
  1081 | D:2      | Learned a level 3 spell: Conjure Flame
  1236 | D:2      | Reached XP level 4. HP: 20/24 MP: 0/11
  1874 | D:2      | Learned a level 3 spell: Inner Flame
  2196 | D:2      | Reached XP level 5. HP: 28/28 MP: 8/12
  2338 | D:3      | Noticed Ijyb
  2724 | D:3      | Killed Ijyb
  2836 | D:3      | Found a deep blue altar of Sif Muna.
  2840 | D:3      | Found a glowing golden altar of the Shining One.
  2841 | D:3      | Found a glowing silver altar of Zin.
  2928 | D:3      | Found a radiant altar of Vehumet.
  3094 | D:3      | Became a worshipper of Vehumet
  3220 | D:3      | Upgraded the game from 0.20-a0-738-gb057e68 to 0.20-a0-754-g13ddd6e
  3808 | D:3      | Upgraded the game from 0.20-a0-754-g13ddd6e to 0.20-a0-792-g09bcfd3
  3827 | D:4      | Slain by an orc

Vault maps used:
D:1:      matt_arrival_los_fun, minmay_misc_feat_roman,
          minmay_misc_feat_diagonals
D:2:      minmay_quantized, uniq_jessica
D:3:      lemuel_coloured_pillars_altar, grunt_temple_overflow_open,
          first_bread, uniq_iyjb
D:4:      lemuel_round_altar, serial_shops, nicolae_shop_behind_doors,
          nicolae_qazlal_general_emergency

Skill      XL: |  1  2  3  4  5 |
---------------+----------------+-----
Fire Magic     | 4 |  4.9
Stealth        | 3 |  3.5
Conjurations   | 2 |  2.9
Dodging        | 3 |  3.4
Spellcasting   | 4 |  4.6
Fighting       | |  0.4
Short Blades   | |  0.6

Action                   |  1- 3 |  4- 6 || total
-------------------------+-------+-------++-------
Melee: Short sword       |    11 |    20 ||    31
 Cast: Flame Tongue      |    49 |    93 ||   142
       Conjure Flame     |     1 |       ||     1
       Throw Flame       |       |    10 ||    10
  Use: Scroll            |       |     2 ||     2
 Stab: Sleeping          |       |     2 ||     2
       Distracted        |       |     1 ||     1
  Eat: Meat ration       |     1 |       ||     1
       Chunk             |       |     4 ||     4
Armor: Robe              |     3 |    31 ||    34
Dodge: Dodged            |    22 |    91 ||   113
